 Dungeon Crawl Stone Soup version 0.20.0 (webtiles) character file.

355 chickenpie the Chopper (level 6, -5/84 HPs)
             Began as a Minotaur Berserker on June 5, 2017.
             Was a Priest of Trog.
             Slain by Edmund
             ... wielding a +1 flail of distortion
              (8 damage)
             ... on level 5 of the Dungeon.
             The game lasted 00:07:27 (3435 turns).

chickenpie the Chopper (Minotaur Berserker)         Turns: 3435, Time: 00:07:27

Health: -5/84      AC:  5    Str: 29    XL:     6   Next: 36%
Magic:  14/14      EV: 13    Int:  4    God:    Trog [***...]
Gold:   203        SH:  0    Dex:  9    Spells: 5/5 levels left

rFire    . . .     SeeInvis .   a - +0 hand axe
rCold    . . .     Gourm    .   (no shield)
rNeg     . . .     Faith    .   s - +0 troll leather armour {Purgy}
rPois    .         Spirit   .   (helmet restricted)
rElec    .         Reflect  .   (no cloak)
rCorr    .         Harm     .   (no gloves)
MR       .....                  g - +0 pair of boots
Stlth    ..........             (no amulet)
Regen    0.7/turn               u - ring of magical power
MPRegen  0.2/turn               (no ring)

@: berserking, very quick
A: retaliatory headbutt, horns 2
a: Berserk, Trog's Hand, Burn Spellbooks, Renounce Religion


You were on level 5 of the Dungeon.
You worshipped Trog.
Trog was most pleased with you.
You were not hungry.

You visited 1 branch of the dungeon, and saw 5 of its levels.

You collected 203 gold pieces.

Inventory:

Hand Weapons
 a - a +0 hand axe (weapon)
Armour
 g - a +0 pair of boots (worn)
 s - a +0 troll leather armour (worn) {Purgy}
Jewellery
 u - a ring of magical power (left hand)
Wands
 y - a wand of disintegration (12/24)
Scrolls
 c - 7 scrolls of identify
 e - a scroll of fog {unknown}
 f - 6 scrolls of remove curse {unknown}
 j - a scroll of recharging {unknown}
 k - 3 scrolls of teleportation {unknown}
 l - a scroll of noise {unknown}
 m - 2 scrolls of amnesia {unknown}
 n - a scroll of enchant armour {unknown}
 w - a scroll of fear {unknown}
 z - a scroll of magic mapping
Potions
 b - a potion of agility {unknown}
 d - 2 potions of cancellation {unknown}
 h - 3 potions of brilliance {unknown}
 i - a potion of resistance {unknown}
 o - 2 potions of heal wounds {unknown}
 p - a potion of lignification {unknown}
 r - 2 potions of curing {unknown}
 x - a potion of mutation {unknown}
Comestibles
 q - 3 bread rations
 t - 4 fruits
 v - a meat ration


   Skills:
 + Level 5.2 Fighting
 + Level 6.2 Axes
 + Level 3.2 Armour
 + Level 4.2 Dodging
 + Level 0.1 Stealth


You had 5 spell levels left.
You didn't know any spells.

Dungeon Overview and Level Annotations

Branches:
Dungeon (5/15)
 Temple: D:4-7

Altars:
Ashenzari
Elyvilon
Makhleb
Nemelex Xobeh
Okawaru
Trog
Xom

Shops:
D:4 }   D:5 [}

Annotations:
D:5 Edmund


Innate Abilities, Weirdness & Mutations

You reflexively headbutt those who attack you in melee.
You have a pair of horns on your head.


Message History

You feel quite a bit more hungry.
Edmund hits you with a flail of distortion!
Space warps horribly around you!
You hit Edmund but do no damage. Edmund hits you but does no damage.
Space warps horribly around you!
* * * LOW HITPOINT WARNING * * *
You slash Edmund!
Edmund is moderately wounded.
You slash Edmund!
Edmund is severely wounded.
Edmund hits you with a flail of distortion!
* * * LOW HITPOINT WARNING * * *
Space warps horribly around you!
* * * LOW HITPOINT WARNING * * *
You slash Edmund! Your headbutt misses Edmund.
Edmund is almost dead.
You closely miss Edmund. Your headbutt misses Edmund.
Edmund is almost dead.
Edmund hits you with a flail of distortion!
You die...

#########################
.........................
#################.#####.
#.# #.#####
...#####..$..#
.......@####.# #......@#
#.......# . ######.#. .#
.. . #[#### ..∩ .8 ....(.
... .. # ##.. ... #


You could see Edmund.

Vanquished Creatures
  Purgy (D:3)
  An ogre (D:4)
  A jelly (D:5)
  6 adders
  2 oozes
  An adder skeleton (D:4)
  A worm (D:3)
  A dart slug (D:3)
  2 leopard geckos
  4 orcs
  8 bats
  5 giant cockroaches
  5 goblins
  4 hobgoblins
  9 jackals (D:4)
  6 frilled lizards
  10 kobolds
  5 rats
72 creatures vanquished.

Notes
Turn   | Place    | Note
-------+----------+-------------------------------------------
     0 | D:1      | chickenpie the Minotaur Berserker began the quest for the Orb.
     0 | D:1      | Reached XP level 1. HP: 19/19 MP: 0/0
   693 | D:1      | Reached XP level 2. HP: 27/27 MP: 1/1
   927 | D:2      | Reached skill level 4 in Axes
  1120 | D:2      | Reached ** piety under Trog
  1241 | D:2      | Reached XP level 3. HP: 30/33 MP: 2/2
  1839 | D:3      | Noticed Purgy
  1846 | D:3      | Killed Purgy
  1846 | D:3      | Reached skill level 5 in Axes
  1846 | D:3      | Reached XP level 4. HP: 41/41 MP: 3/3
  1846 | D:3      | Reached XP level 5. HP: 47/47 MP: 4/4
  2124 | D:3      | Reached *** piety under Trog
  2367 | D:4      | Noticed an ogre
  2374 | D:4      | Killed an ogre
  2374 | D:4      | Reached skill level 5 in Fighting
  2374 | D:4      | Reached skill level 6 in Axes
  2374 | D:4      | Reached XP level 6. HP: 56/56 MP: 5/5
  2866 | D:4      | Found Uryzxoh's Gadget Emporium.
  3275 | D:4      | Found a bloodstained altar of Trog.
  3282 | D:4      | Found a white marble altar of Elyvilon.
  3287 | D:4      | Found a sparkling altar of Nemelex Xobeh.
  3294 | D:4      | Found a shattered altar of Ashenzari.
  3299 | D:4      | Found a shimmering altar of Xom.
  3310 | D:4      | Found a burning altar of Makhleb.
  3317 | D:4      | Found an iron altar of Okawaru.
  3337 | D:5      | Entered Level 5 of the Dungeon
  3337 | D:5      | Found Fasusav's Armour Boutique.
  3426 | D:5      | Noticed Edmund
  3427 | D:5      | Found Nawup's Gadget Shoppe.
  3433 | D:5      | HP: 2/84 [Edmund/flail of distortion (12)]
  3435 | D:5      | Slain by Edmund

Skill      XL: |  1  2  3  4  5  6 |
---------------+-------------------+-----
Axes           | 4 5 6 |  6.2
Fighting       | 4 5 |  5.2
Armour         | 3 |  3.2
Dodging        | 3 4 |  4.2
Stealth        | |  0.1

Action                   |  1- 3 |  4- 6 || total
-------------------------+-------+-------++-------
Melee: Hand axe          |    66 |    93 ||   159
       Headbutt          |     5 |    13 ||    18
Invok: Berserk           |     1 |     1 ||     2
       Burn Spellbooks   |       |     1 ||     1
  Use: Scroll            |       |     2 ||     2
  Eat: Bread ration      |     1 |     1 ||     2
       Fruit             |       |     1 ||     1
Armor: Animal skin       |    21 |       ||    21
       Troll leather arm |       |    35 ||    35
Dodge: Dodged            |    78 |    66 ||   144
